 Dungeon Crawl Stone Soup version 0.20.0-15-g7f486f2 (webtiles) character file.

200 multipassport the Sneak (level 5, 0/38 HPs)
             Began as a Demonspawn Assassin on June 11, 2017.
             Killed by divine providence
             ... invoked by an orc priest
              (16 damage)
             ... on level 4 of the Dungeon.
             The game lasted 00:15:35 (4620 turns).

multipassport the Sneak (Demonspawn Assassin)       Turns: 4620, Time: 00:15:36

Health: 0/38       AC:  4    Str: 11    XL:     5   Next: 48%
Magic:  5/5        EV: 11    Int: 13    God:
Gold:   277        SH:  0    Dex: 15    Spells: 4/4 levels left

rFire    . . .     SeeInvis .   a - +2 dagger
rCold    . . .     Gourm    .   (no shield)
rNeg     . . .     Faith    .   (no armour)
rPois    .         Spirit   .   (no helmet)
rElec    .         Reflect  .   d - +0 cloak
rCorr    +         Harm     .   m - +2 pair of gloves
MR       .....                  (no boots)
Stlth    +++.......             (no amulet)
Regen    0.2/turn               n - ring of resist corrosion
MPRegen  0.1/turn               (no ring)

@: no status effects
A: hooves 1, foul stench 1, rot immunity
a: no special abilities


You were on level 4 of the Dungeon.
You were not hungry.

You visited 1 branch of the dungeon, and saw 4 of its levels.

You collected 277 gold pieces.

Inventory:

Hand Weapons
 a - a +2 dagger (weapon)
 x - a +0 blowgun
Missiles
 e - 11 poisoned needles (quivered)
 f - 2 curare-tipped needles
Armour
 c - a +0 robe
 d - a +0 cloak (worn)
 m - a +2 pair of gloves (worn)
 r - a +0 leather armour
Jewellery
 n - a ring of resist corrosion (left hand)
 z - a cursed amulet of inaccuracy {unknown}
Scrolls
 b - a scroll of noise {unknown}
 j - a scroll of enchant weapon {unknown}
 k - 4 scrolls of remove curse {unknown}
 l - 3 scrolls of teleportation {unknown}
 s - a scroll of fear {unknown}
 v - 2 scrolls of blinking {unknown}
 w - 3 scrolls of identify {unknown}
 y - a scroll of fog {unknown}
Potions
 o - 2 potions of curing
 p - a potion of agility
 t - a potion of ambrosia {unknown}
 u - a potion of degeneration {unknown}
Comestibles
 g - 4 bread rations
 h - a fruit
 i - 2 meat rations
 q - a royal jelly


   Skills:
 - Level 2.0 Fighting
 - Level 1.7 Short Blades
 - Level 1.7 Throwing
 - Level 0.8 Dodging
 + Level 6.6 Stealth


You had 4 spell levels left.
You didn't know any spells.

Dungeon Overview and Level Annotations

Branches:
Dungeon (4/15)
 Temple: D:4-7

Altars:

Annotations:
D:3 Grinder


Innate Abilities, Weirdness & Mutations

You have large cloven feet.
You may emit foul miasma when damaged in melee.
You are immune to rotting.


Message History

You closely miss the howler monkey.
The howler monkey is almost dead.
The howler monkey hits you.
You hit the howler monkey but do no damage.
You kick the howler monkey, but do no damage.
The howler monkey is almost dead.
The howler monkey hits you. The hound misses you.
An orc comes into view. It is wielding a morningstar.
You hit the howler monkey but do no damage.
The howler monkey is almost dead.
The howler monkey hits you. The hound closely misses you.
You hit the howler monkey.
You kill the howler monkey!
The hound misses you.
An orc comes into view. It is wielding a trident.
The hound closely misses you. The hound bites you.
The hound looks sick.
The orc priest calls down the wrath of Beogh upon you.
Beogh smites you!
You die...

...........####...o..........
..
..###.........#..(...........
..
#.#...........#.....o......(.
..
..............#..............
..
#.#...........#.....o........
..#...........#..lo..........
###.#.........#..†...$.......
...#.........#..h...........
#####.........#.@............
...............(..........
#############..............
##############


You could see an iguana, a hound, an orc priest and 2 orcs.

Vanquished Creatures
  A howler monkey (D:4)
  Ijyb (D:3)
  5 adders
  2 worms (D:3)
  3 leopard geckos
  2 orcs (D:3)
  11 bats
  3 giant cockroaches
  3 goblins
  11 hobgoblins
  12 jackals
  2 quokkas (D:3)
  2 ball pythons
  4 frilled lizards (D:2)
  9 kobolds
  7 rats
78 creatures vanquished.

Notes
Turn   | Place    | Note
-------+----------+-------------------------------------------
     0 | D:1      | multipassport the Demonspawn Assassin began the quest for the Orb.
     0 | D:1      | Reached XP level 1. HP: 16/16 MP: 1/1
   150 | D:1      | Reached skill level 4 in Stealth
   406 | D:1      | Gained mutation: You are immune to rotting. [demonic ancestry]
   406 | D:1      | Reached XP level 2. HP: 16/22 MP: 2/2
  1554 | D:2      | Reached XP level 3. HP: 27/27 MP: 3/3
  1912 | D:2      | Reached skill level 5 in Stealth
  2307 | D:2      | Gained mutation: You have large cloven feet. [demonic ancestry]
  2307 | D:2      | Reached XP level 4. HP: 33/33 MP: 4/4
  2731 | D:3      | Noticed Ijyb
  2780 | D:3      | Paralysed by Ijyb for 7 turns
  2790 | D:3      | Paralysed by Ijyb for 3 turns
  2825 | D:3      | Killed Ijyb
  3060 | D:3      | Noticed Grinder
  3070 | D:3      | Paralysed by Grinder for 7 turns
  3080 | D:3      | Reached skill level 6 in Stealth
  3374 | D:3      | Gained mutation: You may emit foul miasma when damaged in melee. [demonic ancestry]
  3374 | D:3      | Reached XP level 5. HP: 17/38 MP: 5/5
  3990 | D:3      | Paralysed by Grinder for 4 turns
  4000 | D:3      | Paralysed by Grinder for 2 turns
  4193 | D:3      | Paralysed by Grinder for 4 turns
  4198 | D:3      | Paralysed by Grinder for 7 turns
  4620 | D:4      | Killed from afar by an orc priest

Skill      XL: |  1  2  3  4 |
---------------+-------------+-----
Stealth        | 4 5 6 |  6.6
Fighting       | |  2.0
Short Blades   | |  1.7
Throwing       | |  1.7
Dodging        | |  0.8

Action                   |  1- 3 |  4- 6 || total
-------------------------+-------+-------++-------
Melee: Dagger            |   124 |   234 ||   358
       Kick              |       |    45 ||    45
  Use: Potion            |     1 |     2 ||     3
 Stab: Sleeping          |     8 |     7 ||    15
       Distracted        |       |     2 ||     2
  Eat: Chunk             |     4 |     8 ||    12
Armor: Robe              |    21 |       ||    21
       Leather armour    |    22 |    78 ||   100
       Skin              |       |     1 ||     1
Dodge: Dodged            |    72 |   113 ||   185
